MLB
MIAMI MARLINS @ PITTSBURGH PIRATES
08/01/2044
 
TOP OF THE 1ST
Miami Marlins batting - Pitching for Pittsburgh Pirates : RHP Vince Scripp
Pitching: RHP Vince Scripp
Batting: RHB Jeff Garofalo 0-0: Ball
1-0: Ball
2-0: Foul Ball, location: 2F
2-1: Foul Ball, location: 2F
2-2: Ball
3-2: DOUBLE (Line Drive, 78D, EV 106.3 MPH)
Batting: RHB Micah Christopher 0-0: Ball
1-0: DOUBLE (Line Drive, 8LD, EV 98.1 MPH)
Jeff Garofalo scores
Batting: LHB Andre Gorter 0-0: Called Strike
0-1: Ball
1-1: Ball
2-1: 2-RUN HOME RUN (Flyball, 89XD, EV 101.3 MPH), Distance : 419 ft
Batting: RHB Roger Salazar 0-0: Called Strike
0-1: Ball
1-1: Ball
2-1: Ground out 5-3 (Groundball, 56D, EV 85.6 MPH)
Batting: RHB Steve Barnard 0-0: Ball
1-0: Swinging Strike
1-1: Ball
2-1: Ground out 4-3 (Groundball, 4S, EV 81.3 MPH)
Batting: RHB Justin Huff 0-0: Foul Ball, location: 2F
0-1: Ball
1-1: Ball
2-1: Ball
3-1: Base on Balls
Batting: LHB Mike Kara 0-0: Called Strike
0-1: Ball
1-1: Called Strike
1-2: Ball
2-2: Foul Ball, location: 2F
2-2: Ball
Wild Pitch!
Justin Huff to second
3-2: Fly out, F6 (Line Drive, 6, EV 68.8 MPH)
Top of the 1st over - 3 runs, 3 hits, 0 errors, 1 left on base; Miami 3 - Pittsburgh 0
BOTTOM OF THE 1ST
Pittsburgh Pirates batting - Pitching for Miami Marlins : RHP Travis Small
Pitching: RHP Travis Small
Batting: RHB Andrew Robinson 0-0: Ball
1-0: Foul Ball, location: 2F
1-1: Ball
2-1: Foul Ball, location: 2F
2-2: Foul Ball, location: 2F
2-2: Ball
3-2: Foul Ball, location: 2F
3-2: Foul Ball, location: 2F
3-2: Base on Balls
Batting: SHB Marvin McAleer 0-0: Ball
1-0: Ball
2-0: Ball
3-0: Base on Balls
Andrew Robinson to second
Batting: RHB Steve Jordan 0-0: Grounds into double play, 4-6-3 (Groundball, 4, EV 101.9 MPH)
Andrew Robinson to third
Batting: RHB Vincent Poopwell 0-0: Called Strike
0-1: Foul Ball, location: 2F
0-2: Foul Ball, location: 2F
0-2: Foul Ball, location: 2F
0-2: Fly out, F1 (Popup, 15, EV 78.8 MPH)
Bottom of the 1st over - 0 runs, 0 hits, 0 errors, 1 left on base; Miami 3 - Pittsburgh 0
TOP OF THE 2ND
Miami Marlins batting - Pitching for Pittsburgh Pirates : RHP Vince Scripp
Batting: RHB Seth Tramontano 0-0: Swinging Strike
0-1: Called Strike
0-2: Foul Ball, location: 2F
0-2: Ball
1-2: Fly out, F7 (Flyball, 7S, EV 88.8 MPH)
Batting: RHB Eric Jordan 0-0: Ball
1-0: Ball
2-0: Ball
3-0: Base on Balls
Batting: RHB Jeff Garofalo 0-0: Called Strike
0-1: Foul Ball, location: 2F
0-2: Grounds into double play, 4-6-3 (Groundball, 4M, EV 87.5 MPH)
Top of the 2nd over - 0 runs, 0 hits, 0 errors, 0 left on base; Miami 3 - Pittsburgh 0
BOTTOM OF THE 2ND
Pittsburgh Pirates batting - Pitching for Miami Marlins : RHP Travis Small
Batting: RHB Eisse Bravenboer 0-0: Called Strike
0-1: Swinging Strike
0-2: Fly out, F9 (Flyball, 9, EV 86.3 MPH)
Pitching: LHP Patrick Meesters
Batting: LHB Theodore Conboy 0-0: Fly out, F9 (Flyball, 9S, EV 75.6 MPH)
Batting: RHB Jeckel Hester 0-0: Ball
1-0: Foul Ball, location: 2F
1-1: Called Strike
1-2: Ball
2-2: Ball
3-2: Base on Balls
Batting: RHB Tommie Eaton 0-0: Ball
Jeckel Hester steals 2nd base
1-0: Called Strike
1-1: Ball
2-1: Ball
3-1: Swinging Strike
3-2: Ground out 6-3 (Groundball, 6S, EV 66.3 MPH)
Bottom of the 2nd over - 0 runs, 0 hits, 0 errors, 1 left on base; Miami 3 - Pittsburgh 0
TOP OF THE 3RD
Miami Marlins batting - Pitching for Pittsburgh Pirates : RHP Vince Scripp
Batting: RHB Micah Christopher 0-0: Swinging Strike
0-1: Fly out, F8 (Flyball, 8RM, EV 85.6 MPH)
Batting: LHB Andre Gorter 0-0: Called Strike
0-1: Swinging Strike
0-2: Foul Ball, location: 2F
0-2: Ball
1-2: Fly out, F5 (Line Drive, 5, EV 73.8 MPH)
Batting: RHB Roger Salazar 0-0: Ball
1-0: Foul Ball, location: 2F
1-1: Ball
2-1: Ball
3-1: Base on Balls
Batting: RHB Steve Barnard 0-0: Ball
1-0: SINGLE (Groundball, 34, EV 103.1 MPH)
Roger Salazar to second
Runner from 2nd tries for 3rd, SAFE, throw by RF made to third
Batting: RHB Justin Huff 0-0: Ball
1-0: Foul Ball, location: 2F
1-1: Foul Ball, location: 2F
1-2: Ball
2-2: Ground out 5-3 (Groundball, 56S, EV 84.4 MPH)
Top of the 3rd over - 0 runs, 1 hit, 0 errors, 2 left on base; Miami 3 - Pittsburgh 0
BOTTOM OF THE 3RD
Pittsburgh Pirates batting - Pitching for Miami Marlins : LHP Patrick Meesters
Batting: RHB Mike Bates 0-0: Ball
1-0: Ball
2-0: Ball
3-0: Base on Balls
Batting: RHB Andrew Robinson 0-0: Ball
Mike Bates steals 2nd base
1-0: Called Strike
Mike Bates steals 3rd base
1-1: Ground out 6-3 (Groundball, 6, EV 81.3 MPH)
Mike Bates scores
Batting: SHB Marvin McAleer 0-0: Ball
1-0: Ball
2-0: Swinging Strike
2-1: Ball
3-1: Base on Balls
Batting: RHB Steve Jordan 0-0: Ball
Marvin McAleer steals 2nd base
1-0: Ball
2-0: Swinging Strike
2-1: Fly out, F8 (Flyball, 89XD, EV 93.1 MPH)
Runner from 2nd tags up, SAFE at 3rd, no throw by CF
Batting: RHB Vincent Poopwell 0-0: Called Strike
0-1: Ball
1-1: Ball
2-1: Ball
3-1: Foul Ball, location: 2F
3-2: Base on Balls
Batting: RHB Eisse Bravenboer 0-0: Ball
1-0: Swinging Strike
1-1: Ball
2-1: Foul Ball, location: 2F
2-2: Foul Ball, location: 2F
2-2: Ball
3-2: Base on Balls
Vincent Poopwell to second
Batting: LHB Theodore Conboy 0-0: Ground out 3-1 (Groundball, 13, EV 88.8 MPH)
Bottom of the 3rd over - 1 run, 0 hits, 0 errors, 3 left on base; Miami 3 - Pittsburgh 1
TOP OF THE 4TH
Miami Marlins batting - Pitching for Pittsburgh Pirates : RHP Vince Scripp
Batting: LHB Mike Kara 0-0: Ball
1-0: Ground out 3-1 (Groundball, 34S, EV 89.4 MPH)
Batting: RHB Seth Tramontano 0-0: Ball
1-0: Ball
2-0: Called Strike
2-1: Foul Ball, location: 2F
2-2: Strikes out swinging
Batting: RHB Eric Jordan 0-0: Called Strike
0-1: Ball
1-1: Ball
2-1: Swinging Strike
2-2: Strikes out swinging
Top of the 4th over - 0 runs, 0 hits, 0 errors, 0 left on base; Miami 3 - Pittsburgh 1
BOTTOM OF THE 4TH
Pittsburgh Pirates batting - Pitching for Miami Marlins : LHP Patrick Meesters
Batting: RHB Jeckel Hester 0-0: Ball
1-0: Ball
2-0: Ball
3-0: Base on Balls
Batting: RHB Tommie Eaton 0-0: Ball
1-0: Foul Ball, location: 2F
1-1: Called Strike
1-2: Ball
Jeckel Hester steals 2nd base
2-2: Ball
Passed Ball!
Jeckel Hester to third
3-2: DOUBLE (Line Drive, 78D, EV 105.0 MPH)
Jeckel Hester scores
Batting: RHB Mike Bates 0-0: Ball
1-0: Ball
2-0: Ball
3-0: Called Strike
3-1: Foul Ball, location: 2F
3-2: Base on Balls
Batting: RHB Andrew Robinson 0-0: Foul Ball, location: 2F
0-1: Ball
1-1: DOUBLE (Flyball, 89D, EV 89.4 MPH)
Tommie Eaton scores
Mike Bates to third
Batting: SHB Marvin McAleer 0-0: Ball
1-0: Ball
2-0: Foul Ball, location: 2F
2-1: DOUBLE (Flyball, 8LXD, EV 103.8 MPH)
Mike Bates scores
Andrew Robinson scores
Batting: RHB Steve Jordan 0-0: Called Strike
0-1: Fly out, F9 (Flyball, 9LS, EV 74.4 MPH)
Batting: RHB Vincent Poopwell 0-0: Called Strike
Marvin McAleer steals 3rd base
0-1: Foul Ball, location: 2F
0-2: Ball
1-2: Ball
2-2: Ball
3-2: Base on Balls
Batting: RHB Eisse Bravenboer 0-0: Ball
1-0: Called Strike
1-1: Ball
2-1: Grounds into double play, 6-4-3 (Groundball, 6, EV 107.5 MPH)
Bottom of the 4th over - 4 runs, 3 hits, 0 errors, 1 left on base; Miami 3 - Pittsburgh 5
TOP OF THE 5TH
Miami Marlins batting - Pitching for Pittsburgh Pirates : RHP Vince Scripp
Batting: RHB Jeff Garofalo 0-0: Ball
1-0: Ground out 3-1 (Groundball, 34S, EV 87.5 MPH)
Batting: RHB Micah Christopher 0-0: Ball
1-0: Swinging Strike
1-1: Ball
2-1: Foul Ball, location: 2F
2-2: Strikes out swinging, 2-3 out at first.
Batting: LHB Andre Gorter 0-0: SINGLE (Line Drive, 4MD, EV 96.3 MPH)
Batting: RHB Roger Salazar 0-0: Ball
1-0: Ball
2-0: Foul Ball, location: 2F
2-1: Called Strike
2-2: Strikes out swinging
Top of the 5th over - 0 runs, 1 hit, 0 errors, 1 left on base; Miami 3 - Pittsburgh 5
BOTTOM OF THE 5TH
Pittsburgh Pirates batting - Pitching for Miami Marlins : LHP Patrick Meesters
Batting: LHB Theodore Conboy 0-0: Ball
1-0: Ball
2-0: Called Strike
2-1: SINGLE (Line Drive, 4MD, EV 95.6 MPH)
Batting: RHB Jeckel Hester 0-0: Called Strike
0-1: Ball
1-1: Ball
2-1: Called Strike
2-2: Fly out, F7 (Flyball, 7LS, EV 86.3 MPH)
Batting: RHB Tommie Eaton 0-0: Grounds into double play, 6-4-3 (Groundball, 6, EV 85.0 MPH)
Bottom of the 5th over - 0 runs, 1 hit, 0 errors, 0 left on base; Miami 3 - Pittsburgh 5
TOP OF THE 6TH
Miami Marlins batting - Pitching for Pittsburgh Pirates : RHP Vince Scripp
Batting: RHB Steve Barnard 0-0: Fly out, F7 (Flyball, 7D, EV 98.1 MPH)
Batting: RHB Justin Huff 0-0: Ball
1-0: Fly out, F8 (Line Drive, 8RM, EV 91.3 MPH)
Batting: LHB Mike Kara 0-0: Called Strike
0-1: Called Strike
0-2: Ball
1-2: Ball
2-2: Ball
3-2: Strikes out looking
Top of the 6th over - 0 runs, 0 hits, 0 errors, 0 left on base; Miami 3 - Pittsburgh 5
BOTTOM OF THE 6TH
Pittsburgh Pirates batting - Pitching for Miami Marlins : LHP Patrick Meesters
Batting: RHB Mike Bates 0-0: Swinging Strike
0-1: Foul Ball, location: 2F
0-2: Ball
1-2: Strikes out swinging
Batting: RHB Andrew Robinson 0-0: Called Strike
0-1: Ball
1-1: Ball
2-1: Foul Ball, location: 2F
2-2: Foul Ball, location: 2F
2-2: Foul Ball, location: 2F
2-2: Foul Ball, location: 2F
2-2: Ball
3-2: Ground out 5-3 (Groundball, 56, EV 83.8 MPH)
Batting: SHB Marvin McAleer 0-0: Called Strike
0-1: Ball
1-1: Foul Ball, location: 2F
1-2: SINGLE (Groundball, 4M, EV 106.3 MPH) (infield hit)
Pitching: LHP Paul Cantrell
Batting: RHB Steve Jordan 0-0: Foul Ball, location: 2F
0-1: Ball
Marvin McAleer steals 2nd base
1-1: SINGLE (Groundball, 4S, EV 72.5 MPH) (infield hit)
Marvin McAleer to third
Batting: RHB Vincent Poopwell 0-0: Called Strike
0-1: Ball
1-1: Ball
2-1: Ball
3-1: Fly out, F9 (Flyball, 9S, EV 88.8 MPH)
Bottom of the 6th over - 0 runs, 2 hits, 0 errors, 2 left on base; Miami 3 - Pittsburgh 5
TOP OF THE 7TH
Miami Marlins batting - Pitching for Pittsburgh Pirates : RHP Vince Scripp
Batting: RHB Seth Tramontano 0-0: Ball
1-0: SOLO HOME RUN (Flyball, 7LD, EV 95.0 MPH), Distance : 343 ft
Batting: RHB Eric Jordan 0-0: Ball
1-0: Ball
2-0: Called Strike
2-1: Ball
3-1: Fly out, F8 (Flyball, 8LD, EV 105.6 MPH)
Batting: RHB Jeff Garofalo 0-0: Foul Ball, location: 2F
0-1: Ball
1-1: SINGLE (Line Drive, 56D, EV 103.1 MPH)
Pitching: RHP Kwang-sik Kim
Batting: RHB Micah Christopher 0-0: Ball
Jeff Garofalo steals 2nd base
1-0: Ball
Jeff Garofalo steals 3rd base
2-0: Ball
3-0: Called Strike
3-1: Swinging Strike
3-2: Foul Ball, location: 2F
3-2: Strikes out swinging
Batting: LHB Andre Gorter 0-0: Ball
1-0: Called Strike
1-1: Ball
2-1: Foul Ball, location: 2F
2-2: Foul Ball, location: 2F
2-2: Ball
3-2: Base on Balls
Batting: RHB Roger Salazar 0-0: Swinging Strike
0-1: Ball
1-1: Ball
2-1: Swinging Strike
2-2: Strikes out looking
Top of the 7th over - 1 run, 2 hits, 0 errors, 2 left on base; Miami 4 - Pittsburgh 5
BOTTOM OF THE 7TH
Pittsburgh Pirates batting - Pitching for Miami Marlins : LHP Paul Cantrell
Batting: RHB Eisse Bravenboer 0-0: DOUBLE (Line Drive, 78M, EV 94.4 MPH)
Batting: LHB Theodore Conboy 0-0: Called Strike
0-1: Called Strike
0-2: Foul Ball, location: 2F
0-2: Ball
1-2: Ball
2-2: Foul Ball, location: 2F
2-2: 2-RUN HOME RUN (Flyball, 9LD, EV 95.6 MPH), Distance : 364 ft
Batting: RHB Jeckel Hester 0-0: Ball
1-0: Ground out 5-3 (Groundball, 56S, EV 79.4 MPH)
Batting: RHB Tommie Eaton 0-0: Swinging Strike
0-1: Reached on error, E2 (Groundball, 15S, EV 65.0 MPH)
Batting: RHB Mike Bates 0-0: Ball
1-0: Ground out 2-3 (Groundball, 2L, EV 69.4 MPH)
Tommie Eaton to third
Batting: RHB Andrew Robinson 0-0: Called Strike
0-1: Ball
1-1: Swinging Strike
1-2: Foul Ball, location: 2F
1-2: Ball
2-2: Ball
3-2: Foul Ball, location: 2F
3-2: 2-RUN HOME RUN (Flyball, 9LD, EV 92.5 MPH), Distance : 348 ft
Batting: SHB Marvin McAleer 0-0: Called Strike
0-1: Foul Ball, location: 2F
0-2: Ball
1-2: Fly out, F5 (Popup, 56S, EV 70.0 MPH)
Bottom of the 7th over - 4 runs, 3 hits, 1 error, 0 left on base; Miami 4 - Pittsburgh 9
TOP OF THE 8TH
Miami Marlins batting - Pitching for Pittsburgh Pirates : RHP Kwang-sik Kim
Batting: RHB Steve Barnard 0-0: Ball
1-0: Swinging Strike
1-1: Ball
2-1: Swinging Strike
2-2: Ball
3-2: Strikes out swinging
Batting: RHB Justin Huff 0-0: Ball
1-0: Ball
2-0: Ground out 6-3 (Groundball, 6, EV 85.0 MPH)
Batting: LHB Mike Kara 0-0: Ball
1-0: Fly out, F8 (Flyball, 8RD, EV 74.4 MPH)
Top of the 8th over - 0 runs, 0 hits, 0 errors, 0 left on base; Miami 4 - Pittsburgh 9
BOTTOM OF THE 8TH
Pittsburgh Pirates batting - Pitching for Miami Marlins : LHP Paul Cantrell
Batting: RHB Steve Jordan 0-0: Ground out 5-3 (Groundball, 56S, EV 84.4 MPH)
Batting: RHB Vincent Poopwell 0-0: Ball
1-0: Ball
2-0: SOLO HOME RUN (Flyball, 9D, EV 105.0 MPH), Distance : 391 ft
Pitching: RHP Ian Newman
Batting: RHB Eisse Bravenboer 0-0: Ground out 6-3 (Groundball, 6, EV 100.6 MPH)
Batting: LHB Theodore Conboy 0-0: SINGLE (Groundball, 4S, EV 65.6 MPH) (infield hit)
Batting: RHB Jeckel Hester 0-0: Fly out, F8 (Line Drive, 8RD, EV 88.8 MPH)
Bottom of the 8th over - 1 run, 2 hits, 0 errors, 1 left on base; Miami 4 - Pittsburgh 10
TOP OF THE 9TH
Miami Marlins batting - Pitching for Pittsburgh Pirates : RHP Kwang-sik Kim
Batting: RHB Seth Tramontano 0-0: Ball
1-0: Called Strike
1-1: Ground out 4-3 (Groundball, 4, EV 102.5 MPH)
Batting: RHB Eric Jordan 0-0: Foul Ball, location: 2F
0-1: Ball
1-1: Ball
2-1: Swinging Strike
2-2: Ball
3-2: Strikes out swinging
Batting: RHB Jeff Garofalo 0-0: Ball
1-0: Swinging Strike
1-1: Foul Ball, location: 2F
1-2: Ball
2-2: Ball
3-2: Fly out, F8 (Flyball, 8LD, EV 84.4 MPH)
Top of the 9th over - 0 runs, 0 hits, 0 errors, 0 left on base; Miami 4 - Pittsburgh 10
Thursday, March 31st , 2022 - OOTP Baseball 22.12 Build 89